 Dungeon Crawl Stone Soup version 0.20.1-1-g8b1a95d (webtiles) character file.

538 Vourdeox the Chopper (level 7, -6/61 HPs)
             Began as a Minotaur Berserker on Nov 28, 2017.
             Was a Believer of Trog.
             Killed from afar by an orc wizard (10 damage)
             ... with a puff of flame
             ... on level 6 of the Dungeon.
             The game lasted 00:13:42 (982 turns).

Vourdeox the Chopper (Minotaur Berserker)            Turns: 982, Time: 00:13:43

Health: -6/61      AC:  6    Str: 23    XL:     7   Next: 5%
Magic:  6/6        EV: 12    Int:  4    God:    Trog [**....]
Gold:   104        SH:  0    Dex: 10    Spells: 6/6 levels left

rFire    . . .     SeeInvis .   d - +2 hand axe (freeze)
rCold    . . .     Gourm    .   (no shield)
rNeg     . . .     Faith    .   r - +0 ring mail (curse)
rPois    .         Spirit   .   (helmet restricted)
rElec    .         Reflect  .   (no cloak)
rCorr    .         Harm     .   (no gloves)
MR       .....                  j - +0 pair of boots
Stlth    +.........             (no amulet)
Regen    0.2/turn               e - ring of stealth
MPRegen  0.1/turn               (no ring)

@: no status effects
A: retaliatory headbutt, horns 2
a: Berserk, Trog's Hand, Burn Spellbooks, Renounce Religion


You were on level 6 of the Dungeon.
You worshipped Trog.
Trog was pleased with you.
You were hungry.

You visited 1 branch of the dungeon, and saw 6 of its levels.

You collected 104 gold pieces.

Inventory:

Hand Weapons
 a - a +0 falchion
 d - a +2 hand axe of freezing (weapon)
 f - a cursed -3 hunting sling
 k - a +0 short sword
 q - a +0 flail
 s - a +0 trident of holy wrath
 u - a +0 hand axe
 v - a +0 mace
 w - a +0 club
 y - a +0 spear
Armour
 b - a +0 animal skin
 j - a +0 pair of boots (worn)
 r - a cursed +0 ring mail (worn)
 z - a +0 ring mail
Jewellery
 e - a ring of stealth (left hand)
 i - an uncursed ring of fire
Scrolls
 g - a scroll of identify
 h - 2 scrolls of enchant weapon
 m - a scroll of recharging {unknown}
 n - a scroll of blinking {unknown}
 o - a scroll of teleportation
 p - a scroll of amnesia {unknown}
Potions
 x - a potion of agility {unknown}
Comestibles
 c - 2 bread rations
 l - 2 fruits


   Skills:
 + Level 5.4 Fighting
 - Level 4.0 Long Blades
 * Level 6.4 Axes
 + Level 3.6 Armour
 + Level 3.4 Dodging


You had 6 spell levels left.
You didn't know any spells.

Dungeon Overview and Level Annotations

Branches:
Dungeon (6/15)
 Temple: D:4-7

Altars:
Makhleb
Yredelemnul
Zin


Innate Abilities, Weirdness & Mutations

You reflexively headbutt those who attack you in melee.
You have a pair of horns on your head.


Message History

The orc priest hits you but does no damage.
You barely miss the orc priest. You headbutt the orc priest.
You kill the orc priest!
Trog accepts your kill.
You have reached level 7!
The orc wizard gestures at you while chanting.
The magic dart hits you!
* * * LOW HITPOINT WARNING * * *
As you read the scroll labeled NUSHRO XADAHI, it crumbles to dust.
It is a scroll of identify.
h - 2 scrolls of enchant weapon A leopard gecko skeleton comes into view.
Found 17 stones.
The orc wizard points at you and mumbles some strange words.
The magic dart hits you!
As you read the scroll of identify, it crumbles to dust.
o - a scroll of teleportation The orc wizard points at you and mumbles some strange words.
The puff of flame hits you!
You die...

. . .### ..### #...
###..#####.#.
#............
######...@....... .. ##
#..Z....###....##.. #.
...(.#o.# #...## .# .
#.##### ##.###...# #.# ..
#..## #.).o...##..#...
##..#########..o.#.....#
##.......# ####...(######
_
###.....#######.........
P.
#..............#######...


You could see an orc wizard and a leopard gecko skeleton.

Vanquished Creatures
  A water moccasin (D:5)
  An ogre (D:4)
  A phantom (D:4)
  An orc priest (D:6)
  A hound (D:4)
  An orc wizard (D:4)
  Ijyb (D:5)
  An iguana (D:4)
  A worker ant (D:4)
  An adder (D:2)
  4 gnolls (D:4)
  A howler monkey skeleton (D:6)
  A leopard gecko (D:6)
  6 orcs (D:4)
  A giant cockroach (D:1)
  A goblin (D:1)
  3 hobgoblins (D:1)
  3 quokkas
  3 ball pythons
  4 bats
  A kobold (D:2)
  14 rats
52 creatures vanquished.

Notes
Turn   | Place    | Note
-------+----------+-------------------------------------------
     0 | D:1      | Vourdeox the Minotaur Berserker began the quest for the Orb.
     0 | D:1      | Reached XP level 1. HP: 19/19 MP: 0/0
    35 | D:1      | Reached XP level 2. HP: 27/27 MP: 1/1
   388 | D:2      | Reached skill level 1 in Axes
   389 | D:2      | Reached ** piety under Trog
   389 | D:2      | Reached XP level 3. HP: 32/33 MP: 2/2
   501 | D:4      | Noticed a phantom
   512 | D:4      | Killed a phantom
   512 | D:4      | Reached skill level 3 in Axes
   512 | D:4      | Reached XP level 4. HP: 41/41 MP: 3/3
   571 | D:4      | Reached XP level 5. HP: 40/47 MP: 4/4
   579 | D:4      | Reached skill level 4 in Axes
   789 | D:4      | Noticed an ogre
   797 | D:4      | Reached skill level 5 in Axes
   800 | D:4      | Killed an ogre
   800 | D:4      | Reached XP level 6. HP: 30/55 MP: 5/5
   814 | D:4      | Reached skill level 5 in Fighting
   864 | D:5      | Entered Level 5 of the Dungeon
   868 | D:5      | Found a burning altar of Makhleb.
   895 | D:5      | Noticed Ijyb
   898 | D:5      | Noticed a water moccasin
   902 | D:5      | Killed Ijyb
   911 | D:5      | Killed a water moccasin
   911 | D:5      | Reached skill level 6 in Axes
   949 | D:6      | Found a basalt altar of Yredelemnul.
   949 | D:6      | Found a glowing silver altar of Zin.
   976 | D:6      | Reached XP level 7. HP: 11/61 MP: 6/6
   976 | D:6      | HP: 3/61 [orc wizard/magic dart (8)]
   982 | D:6      | Killed from afar by an orc wizard

Skill      XL: |  1  2  3  4  5  6 |
---------------+-------------------+-----
Fighting       | 4 5 |  5.4
Long Blades    | 4 |  4.0
Axes           | 1 3 5 6 |  6.4
Dodging        | 3 |  3.4
Armour         | 3 |  3.6

Action                   |  1- 3 |  4- 6 |  7- 9 || total
-------------------------+-------+-------+-------++-------
Melee: Hand axe          |    44 |    61 |       ||   105
       Headbutt          |     7 |    18 |       ||    25
Invok: Berserk           |     1 |       |       ||     1
  Use: Potion            |       |     2 |       ||     2
       Scroll            |       |       |     2 ||     2
 Stab: Sleeping          |     1 |       |       ||     1
  Eat: Chunk             |       |     1 |       ||     1
Armor: Animal skin       |     5 |     1 |       ||     6
       Ring mail         |       |    11 |     1 ||    12
Dodge: Dodged            |    25 |    40 |       ||    65
